 Seeded DCSS version 0.30.0-18-gc0e69614cb (webtiles) character file.

Game seed: 5 (custom seed)

737 Kazon the Covert (level 7, -7/46 HPs)
             Began as an Octopode Brigand on May 25, 2023.
             Was a Follower of Okawaru.
             Mangled by a gnoll
             ... wielding a +0 flail
              (12 damage)
             ... on level 4 of the Dungeon.
             The game lasted 00:11:20 (2972 turns).

Kazon the Covert (Octopode Brigand)                 Turns: 2972, Time: 00:11:21

Health: -7/46      AC:  1    Str: 10    XL:     7   Next: 75%
Magic:  18/18      EV:  8    Int: 14    God:    Okawaru [*.....]
Gold:   203        SH: 14    Dex: 21    Spells: 6/6 levels left

rFire   . . .        d - +0 quick blade (venom)
rCold   . . .        c - +0 tower shield
rNeg    . . .        (helmet restricted)
rPois   .            (no amulet)
rElec   .            r - ring of magical power
rCorr   .            w - +6 ring of dexterity
SInv    .            (no ring)
Will    .....        (no ring)
Stlth   ++++++       (no ring)
HPRegen 0.27/turn    (no ring)
MPRegen 0.16/turn    (no ring)
                     (no ring)

%: no passive effects
@: lethally poisoned (-7 -> -12)
A: almost no armour, amphibious, 8 rings, camouflage 1, gelatinous body 1,
(nimble swimmer 1), tentacles
a: Renounce Religion, Heroism


You were on level 4 of the Dungeon.
You worshipped Okawaru.
Okawaru was aware of your devotion.
You visited 2 branches of the dungeon, and saw 6 of its levels.

You collected 203 gold pieces.

Inventory:

Hand Weapons
 a - a +2 dagger
 d - a +0 quick blade of venom (weapon)
 m - a +0 long sword
 q - a +2 vampiric dagger
Missiles
 b - 12 poisoned darts
 e - 16 stones (quivered)
 h - 3 curare-tipped darts
 k - 3 boomerangs
Armour
 c - a +0 tower shield (worn)
Jewellery
 r - a ring of magical power (left tentacle)
 w - a +6 ring of dexterity (right tentacle)
Wands
 y - a wand of paralysis (8)
Scrolls
 f - 2 scrolls of teleportation {unknown}
 l - a scroll of summoning {unknown}
 n - 2 scrolls of magic mapping {unknown}
 o - 2 scrolls of identify {unknown}
 p - a scroll of blinking {unknown}
 v - a scroll of torment {unknown}
 z - a scroll of amnesia {unknown}
Potions
 g - a potion of magic {unknown}
 i - a potion of resistance {unknown}
 j - 3 potions of curing {unknown}
 s - a potion of flight {unknown}
 t - a potion of berserk rage {unknown}
 u - a potion of invisibility {unknown}
 x - 2 potions of heal wounds {unknown}


   Skills:
 + Level 3.1 Fighting
 + Level 3.0 Short Blades
 + Level 3.0 Throwing
 + Level 2.5 Dodging
 + Level 9.2 Stealth
 + Level 2.0 Shields
 * Level 2.8 Invocations
 * Level 1.6 Evocations


You had 6 spell levels left.
You didn't know any spells.
Your spell library contained the following spells:

 Spells                   Type           Power      Damage    Failure   Level
 Frozen Ramparts          Ice            0%         1d1       100%        3
 Ice Form                 Ice/Tmut       0%         N/A       100%        4
 Summon Ice Beast         Ice/Summ       Unusable   N/A       N/A         4

Dungeon Overview and Level Annotations

Branches:
Dungeon (5/15)             Temple (1/1) D:4

Altars:
Dithmenos
Fedhas
Hepliaklqana
Okawaru
Qazlal
Trog
Uskayaw
Wu Jian
The Shining One


Innate Abilities, Weirdness & Mutations

You cannot wear most types of armour.
You are amphibious.
You can wear up to eight rings at the same time.
Your skin changes colour to match your surroundings (Stealth+).
Your rubbery body absorbs attacks. (AC +1, EV +1)
((You are camouflaged when in or above water. (Stealth+)))
You have tentacles for arms and can constrict up to eight enemies at once.


Message History

You hit the ogre.
The ogre looks as sick as possible!
The ogre is severely wounded.
You barely miss the ogre. You squeeze the ogre, but do no damage.
The ogre is almost dead.
You kill the ogre!
Okawaru accepts your kill.
Your Short Blades skill increases to level 3!
Your Shields skill increases to level 2!
You see here a +0 giant spiked club.
There is a stone staircase leading down, spattered with blood here.
You climb downwards.
The adder bites you. You block the gnoll's attack. The adder bites you.
You are poisoned.
The adder poisons you!
There is a stone staircase leading up here.
You feel sick. The adder bites you.
You are more poisoned.
The adder poisons you! The gnoll hits you with a +0 flail!
You climb upwards.
You feel very sick.
There is a stone staircase leading down, spattered with blood here.
You barely miss the adder. You grab the adder. You squeeze the adder!
The adder is almost dead.
You constrict the adder.
You feel sick. You block the adder's attack.
The gnoll hits you with a +0 flail!
* * * LOW HITPOINT WARNING * * *
The adder bites you.
* * * LOW HITPOINT WARNING * * *
You are lethally poisoned!
The adder poisons you!
You release your grip on the adder.
The gnoll attacks as you move away! The gnoll barely misses you.
* * * LOW HITPOINT WARNING * * *
You feel very sick.
* * * LOW HITPOINT WARNING * * *
You feel sick.
* * * LOW HITPOINT WARNING * * *
You feel sick. The gnoll closely misses you. You block the adder's attack.
The gnoll attacks as you move away! The gnoll hits you with a +0 flail!
You die...

##.# #..##.# #.##.# ##.#
#..##.# #.##.# ##.####
#..##.######.##.##### ......#
#..##.#........†....# ##.##.#
#..##.#.####..#..####
##.##.####..##.#.# #...#..#
#...........##.#.# #...#..#
##.##.#####.##.#.# #...#..#
##.##.#####.##.#@###...#..#
...............gS....[....####
.............................#
.............)>#.###.#.#..####
.............................#
#####.#####.##.#.###.#.#..####
#.# #.##.#.###.#.##.# #.#
#.##.#.......##.#
#####.#####.##.#.#.#.####.####


You could see a gnoll and an adder.

Vanquished Creatures
  Sigmund (D:4)
  2 black bears (D:4)
  An ogre (D:4)
  A scorpion (D:4)
  2 hounds
  2 iguanas (D:4)
  5 adders
  An ufetubus (D:4)
  3 worms
  6 orcs
  4 bats
  9 endoplasms
  A giant cockroach (D:1)
  12 goblins
  7 hobgoblins
  11 jackals
  3 kobolds
  3 quokkas (D:4)
  6 ball pythons
  3 frilled lizards
  4 rats
87 creatures vanquished.

Notes
Turn   | Place    | Note
-------+----------+-------------------------------------------
     0 | D:1      | Kazon the Octopode Brigand began the quest for the Orb.
     0 | D:1      | Reached XP level 1. HP: 14/14 MP: 1/1
    43 | D:1      | Identified a scroll of acquirement
    43 | D:1      | Acquired a +0 quick blade of venom
    61 | D:1      | Reached XP level 2. HP: 19/19 MP: 2/2
   144 | D:1      | Reached skill level 6 in Stealth
   392 | D:1      | Reached XP level 3. HP: 24/24 MP: 3/3
   912 | D:2      | Reached XP level 4. HP: 20/29 MP: 4/4
  1564 | D:3      | Found a blossoming altar of Fedhas.
  1581 | D:3      | Reached skill level 7 in Stealth
  1581 | D:3      | Reached XP level 5. HP: 21/35 MP: 5/5
  1675 | D:3      | Found a stormy altar of Qazlal.
  1743 | D:3      | Found a faded altar of an unknown god.
  1909 | D:3      | Identified the +2 sling "Qeuhanocyt" {speed, rElec Str-3
                  | Dex+2}
  2049 | D:4      | Found a staircase to the Ecumenical Temple.
  2057 | Temple   | Entered the Ecumenical Temple
  2069 | Temple   | Became a worshipper of Warmaster Okawaru
  2219 | D:4      | Reached skill level 1 in Shields
  2283 | D:4      | Noticed a black bear
  2286 | D:4      | Reached skill level 1 in Invocations
  2297 | D:4      | Killed a black bear
  2298 | D:4      | Reached skill level 8 in Stealth
  2298 | D:4      | Reached XP level 6. HP: 26/41 MP: 7/7
  2301 | D:4      | Found a hazy altar of Hepliaklqana.
  2318 | D:4      | Noticed Sigmund
  2327 | D:4      | Killed Sigmund
  2328 | D:4      | Reached XP level 7. HP: 25/45 MP: 8/8
  2353 | D:4      | Found a shadowy altar of Dithmenos.
  2353 | D:4      | Noticed a shadow
  2398 | D:4      | Reached * piety under Okawaru
  2569 | D:4      | Reached skill level 1 in Evocations
  2780 | D:5      | Entered Level 5 of the Dungeon
  2792 | D:4      | Reached skill level 9 in Stealth
  2972 | D:4      | Mangled by a gnoll

Illustrated notes

Levels and vault maps discovered:
D:1:      ebering_trefoil_3fold, layout_basic, st_stairs_14, serial_bayou_ford_a
D:2:      layout_basic, hangedman_decor_growths, minmay_close_crescents
D:3:      layout_rooms, mainiacjoe_overflow_concentric_impassable,
          mainiacjoe_overflow_paths, shapermc_ecumenical_altar_acropolis,
          chequers_serial_rivers_micro_b
D:4:      layout_basic, riverfiend_overflow_shadow_ancestor,
          minmay_temple_entry_glass, uniq_sigmund
D:5:      layout_gridville
Temple:   nicolae_temple_elliptical

Skill      XL: |  1  2  3  4  5  6  7 |
---------------+----------------------+-----
Stealth        | 6 7 8 9 |  9.2
Shields        | 1 2 |  2.0
Invocations    | 1 2 |  2.8
Dodging        | 2 |  2.5
Fighting       | 3 |  3.1
Evocations     | 1 |  1.6
Throwing       | 3 |  3.0
Short Blades   | 3 |  3.0

Action                     |  1- 3 |  4- 6 |  7- 9 || total
---------------------------+-------+-------+-------++-------
  Melee: Dagger            |    10 |       |       ||    10
         Constrict         |    21 |    11 |     5 ||    37
         Quick blade       |    56 |    74 |    29 ||   159
         Tentacles         |    15 |    16 |     7 ||    38
         Punch             |     2 |       |       ||     2
  Throw: Dart              |     9 |     8 |       ||    17
         Stone             |       |       |     6 ||     6
    Use: Scroll            |     3 |       |       ||     3
   Stab: Sleeping          |     5 |    18 |     6 ||    29
 Armour: Skin              |     2 |     5 |     1 ||     8
  Dodge: Dodged            |    22 |    12 |    11 ||    45
  Block: Tower shield      |    16 |    29 |    24 ||    69
